[gd_scene load_steps=59 format=2]

[ext_resource path="res://level/Battlefield/BattlefieldTemplate.tscn" type="PackedScene" id=1]
[ext_resource path="res://level/Battlefield/Level1/BattleField.gd" type="Script" id=2]
[ext_resource path="res://assets/img/level/desert/land_1.png" type="Texture" id=3]
[ext_resource path="res://assets/img/level/desert/road_9.png" type="Texture" id=4]
[ext_resource path="res://assets/img/level/desert/road_12.png" type="Texture" id=5]
[ext_resource path="res://assets/img/level/desert/road_13.png" type="Texture" id=6]
[ext_resource path="res://assets/img/level/desert/road_10.png" type="Texture" id=7]
[ext_resource path="res://assets/img/level/desert/road_11.png" type="Texture" id=8]
[ext_resource path="res://assets/img/level/desert/road_1.png" type="Texture" id=9]
[ext_resource path="res://assets/img/level/desert/road_2.png" type="Texture" id=10]
[ext_resource path="res://assets/img/level/desert/road_3.png" type="Texture" id=11]
[ext_resource path="res://assets/img/level/desert/road_5.png" type="Texture" id=12]
[ext_resource path="res://assets/img/level/desert/road_4.png" type="Texture" id=13]
[ext_resource path="res://assets/img/level/desert/road_6.png" type="Texture" id=14]
[ext_resource path="res://assets/img/level/desert/road_7.png" type="Texture" id=15]
[ext_resource path="res://assets/img/level/desert/road_8.png" type="Texture" id=16]
[ext_resource path="res://level/Battlefield/CollectibleResource.tscn" type="PackedScene" id=17]
[ext_resource path="res://assets/img/level/desert/greenery_3.png" type="Texture" id=18]
[ext_resource path="res://assets/img/level/desert/stones_3.png" type="Texture" id=19]
[ext_resource path="res://assets/img/level/desert/stones_5.png" type="Texture" id=20]
[ext_resource path="res://assets/img/level/desert/tree_2.png" type="Texture" id=21]
[ext_resource path="res://assets/img/level/desert/greenery_6.png" type="Texture" id=22]
[ext_resource path="res://assets/img/level/desert/stones_7.png" type="Texture" id=23]
[ext_resource path="res://assets/img/level/desert/stones_6.png" type="Texture" id=24]
[ext_resource path="res://assets/img/level/desert/stones_4.png" type="Texture" id=25]
[ext_resource path="res://assets/img/level/desert/tree_3.png" type="Texture" id=26]
[ext_resource path="res://assets/img/level/desert/greenery_5.png" type="Texture" id=27]
[ext_resource path="res://assets/img/level/desert/greenery_1.png" type="Texture" id=28]
[ext_resource path="res://assets/img/level/desert/stones_2.png" type="Texture" id=29]
[ext_resource path="res://assets/img/level/desert/decor_7.png" type="Texture" id=30]
[ext_resource path="res://assets/img/level/desert/decor_11.png" type="Texture" id=31]
[ext_resource path="res://assets/img/level/desert/stones_1.png" type="Texture" id=32]
[ext_resource path="res://assets/img/level/desert/tree_4.png" type="Texture" id=33]
[ext_resource path="res://assets/img/level/desert/greenery_2.png" type="Texture" id=34]
[ext_resource path="res://assets/img/level/desert/tree_1.png" type="Texture" id=35]
[ext_resource path="res://assets/img/level/desert/greenery_4.png" type="Texture" id=36]
[ext_resource path="res://assets/img/GUI/15 copy.png" type="Texture" id=37]
[ext_resource path="res://assets/shader/WindTree.tres" type="Material" id=38]
[ext_resource path="res://level/GUI/WinGUI.tscn" type="PackedScene" id=39]
[ext_resource path="res://assets/img/level/desert/desertbackground.png" type="Texture" id=40]
[ext_resource path="res://actor/Bonus/IncDamage/IncDamage.tscn" type="PackedScene" id=41]
[ext_resource path="res://actor/Bonus/IncDefence/IncDefence.tscn" type="PackedScene" id=42]
[ext_resource path="res://actor/Bonus/Meteor/Meteor.tscn" type="PackedScene" id=43]
[ext_resource path="res://actor/Bonus/LargeMeteor/LargeMeteor.tscn" type="PackedScene" id=44]
[ext_resource path="res://actor/Bonus/RegenLife/RegenLife.tscn" type="PackedScene" id=45]
[ext_resource path="res://assets/img/effects/hologram_lines-b1399a8d.png" type="Texture" id=46]
[ext_resource path="res://level/Battlefield/SuperGoldRessource.tscn" type="PackedScene" id=47]

[sub_resource type="Curve2D" id=1]
_data = {
"points": PoolVector2Array( 0, 0, 0, 0, 1830.97, 263.025, 23.3082, 2.11893, -23.3082, -2.11893, 1013.13, 257.68, 21.719, 28.0758, -21.719, -28.0758, 956.109, 218.48, 5.82705, 25.4271, -5.82705, -25.4271, 950.763, -23.8441, 29.1352, 12.7136, -29.1352, -12.7136, 900.873, -68.389, 22.2487, -1.05946, -22.2487, 1.05946, 512.441, -64.8254, 17.4811, -25.9568, -17.4811, 25.9568, 449.777, -36.3546, 13.773, -24.3676, -13.773, 24.3676, 432.296, 33.0402, 20.6595, -0.529732, -20.6595, 0.529732, 378.806, 63.464, 21.1893, 2.11893, -21.1893, -2.11893, 175.681, 61.6822, 13.2433, 28.6055, -13.2433, -28.6055, 124.009, 10.01, 14.8325, 20.6595, -14.8325, -20.6595, 109.755, -100.461, 22.2487, -31.7839, -22.2487, 31.7839, -109.406, -111.152, -25.4271, -26.4866, 25.4271, 26.4866, -125.442, 106.227, -32, 2.75, 32, -2.75, -0.5, 127.5 )
}

[sub_resource type="Curve2D" id=2]
_data = {
"points": PoolVector2Array( 0, 0, 0, 0, -2113.48, 385.76, -34.487, 2.97302, 34.487, -2.97302, -643.544, 380.998, -11.8921, 27.3518, 11.8921, -27.3518, -576.649, 332.919, -3.17839, 19.6001, 3.17839, -19.6001, -579.028, -10.1672, -28.8704, 7.41624, 28.8704, -7.41624, -508.864, -60.1139, -10.7744, -0.0377918, 10.7744, 0.0377918, -195.508, -61.8978, -13.6759, -20.2165, 13.6759, 20.2165, -127.723, -45.2489, -5.35143, -24.9733, 5.35143, 24.9733, -107.506, 77.2395, -69.5686, -3.56762, 69.5686, 3.56762, -2.85626, 127.186 )
}

[sub_resource type="Curve2D" id=3]
_data = {
"points": PoolVector2Array( -43.7722, -0.707906, 43.7722, 0.707906, 0.531273, 127.419, -9.6069, 19.8438, 9.6069, -19.8438, 98.0785, 97.9284, 0, 20.6595, 0, -20.6595, 111.587, -0.0719681, 19.0703, 21.1893, -19.0703, -21.1893, 102.581, -97.0128, 14.0379, 1.05946, -14.0379, -1.05946, 0.343018, -109.197, 14.8325, -7.68111, -14.8325, 7.68111, -100.041, -99.9262, -0.529732, -11.919, 0.529732, 11.919, -115.933, -0.336693, -23.0433, -22.2487, 23.0433, 22.2487, -100.041, 99.5177, -33.9795, 2.47767, 33.9795, -2.47767, -2.01687, 127.689 )
}

[sub_resource type="TileSet" id=4]
0/name = "land_1.png 0"
0/texture = ExtResource( 3 )
0/tex_offset = Vector2( 0, 0 )
0/modulate = Color( 1, 1, 1, 1 )
0/region = Rect2( 0, 0, 256, 256 )
0/tile_mode = 0
0/occluder_offset = Vector2( 0, 0 )
0/navigation_offset = Vector2( 0, 0 )
0/shape_offset = Vector2( 0, 0 )
0/shape_transform = Transform2D( 1, 0, 0, 1, 0, 0 )
0/shape_one_way = false
0/shape_one_way_margin = 0.0
0/shapes = [  ]
0/z_index = 0

[sub_resource type="TileSet" id=5]
0/name = "road_13.png 0"
0/texture = ExtResource( 6 )
0/tex_offset = Vector2( 0, 0 )
0/modulate = Color( 1, 1, 1, 1 )
0/region = Rect2( 0, 0, 64, 64 )
0/tile_mode = 0
0/occluder_offset = Vector2( 0, 0 )
0/navigation_offset = Vector2( 0, 0 )
0/shape_offset = Vector2( 0, 0 )
0/shape_transform = Transform2D( 1, 0, 0, 1, 0, 0 )
0/shape_one_way = false
0/shape_one_way_margin = 0.0
0/shapes = [  ]
0/z_index = 0
1/name = "road_1.png 1"
1/texture = ExtResource( 9 )
1/tex_offset = Vector2( 0, 0 )
1/modulate = Color( 1, 1, 1, 1 )
1/region = Rect2( 0, 0, 64, 64 )
1/tile_mode = 0
1/occluder_offset = Vector2( 0, 0 )
1/navigation_offset = Vector2( 0, 0 )
1/shape_offset = Vector2( 0, 0 )
1/shape_transform = Transform2D( 1, 0, 0, 1, 0, 0 )
1/shape_one_way = false
1/shape_one_way_margin = 0.0
1/shapes = [  ]
1/z_index = 0
2/name = "road_2.png 2"
2/texture = ExtResource( 10 )
2/tex_offset = Vector2( 0, 0 )
2/modulate = Color( 1, 1, 1, 1 )
2/region = Rect2( 0, 0, 64, 64 )
2/tile_mode = 0
2/occluder_offset = Vector2( 0, 0 )
2/navigation_offset = Vector2( 0, 0 )
2/shape_offset = Vector2( 0, 0 )
2/shape_transform = Transform2D( 1, 0, 0, 1, 0, 0 )
2/shape_one_way = false
2/shape_one_way_margin = 0.0
2/shapes = [  ]
2/z_index = 0
3/name = "road_3.png 3"
3/texture = ExtResource( 11 )
3/tex_offset = Vector2( 0, 0 )
3/modulate = Color( 1, 1, 1, 1 )
3/region = Rect2( 0, 0, 64, 64 )
3/tile_mode = 0
3/occluder_offset = Vector2( 0, 0 )
3/navigation_offset = Vector2( 0, 0 )
3/shape_offset = Vector2( 0, 0 )
3/shape_transform = Transform2D( 1, 0, 0, 1, 0, 0 )
3/shape_one_way = false
3/shape_one_way_margin = 0.0
3/shapes = [  ]
3/z_index = 0
4/name = "road_4.png 4"
4/texture = ExtResource( 13 )
4/tex_offset = Vector2( 0, 0 )
4/modulate = Color( 1, 1, 1, 1 )
4/region = Rect2( 0, 0, 64, 64 )
4/tile_mode = 0
4/occluder_offset = Vector2( 0, 0 )
4/navigation_offset = Vector2( 0, 0 )
4/shape_offset = Vector2( 0, 0 )
4/shape_transform = Transform2D( 1, 0, 0, 1, 0, 0 )
4/shape_one_way = false
4/shape_one_way_margin = 0.0
4/shapes = [  ]
4/z_index = 0
5/name = "road_5.png 5"
5/texture = ExtResource( 12 )
5/tex_offset = Vector2( 0, 0 )
5/modulate = Color( 1, 1, 1, 1 )
5/region = Rect2( 0, 0, 64, 64 )
5/tile_mode = 0
5/occluder_offset = Vector2( 0, 0 )
5/navigation_offset = Vector2( 0, 0 )
5/shape_offset = Vector2( 0, 0 )
5/shape_transform = Transform2D( 1, 0, 0, 1, 0, 0 )
5/shape_one_way = false
5/shape_one_way_margin = 0.0
5/shapes = [  ]
5/z_index = 0
6/name = "road_6.png 6"
6/texture = ExtResource( 14 )
6/tex_offset = Vector2( 0, 0 )
6/modulate = Color( 1, 1, 1, 1 )
6/region = Rect2( 0, 0, 64, 64 )
6/tile_mode = 0
6/occluder_offset = Vector2( 0, 0 )
6/navigation_offset = Vector2( 0, 0 )
6/shape_offset = Vector2( 0, 0 )
6/shape_transform = Transform2D( 1, 0, 0, 1, 0, 0 )
6/shape_one_way = false
6/shape_one_way_margin = 0.0
6/shapes = [  ]
6/z_index = 0
7/name = "road_7.png 7"
7/texture = ExtResource( 15 )
7/tex_offset = Vector2( 0, 0 )
7/modulate = Color( 1, 1, 1, 1 )
7/region = Rect2( 0, 0, 64, 64 )
7/tile_mode = 0
7/occluder_offset = Vector2( 0, 0 )
7/navigation_offset = Vector2( 0, 0 )
7/shape_offset = Vector2( 0, 0 )
7/shape_transform = Transform2D( 1, 0, 0, 1, 0, 0 )
7/shape_one_way = false
7/shape_one_way_margin = 0.0
7/shapes = [  ]
7/z_index = 0
8/name = "road_8.png 8"
8/texture = ExtResource( 16 )
8/tex_offset = Vector2( 0, 0 )
8/modulate = Color( 1, 1, 1, 1 )
8/region = Rect2( 0, 0, 64, 64 )
8/tile_mode = 0
8/occluder_offset = Vector2( 0, 0 )
8/navigation_offset = Vector2( 0, 0 )
8/shape_offset = Vector2( 0, 0 )
8/shape_transform = Transform2D( 1, 0, 0, 1, 0, 0 )
8/shape_one_way = false
8/shape_one_way_margin = 0.0
8/shapes = [  ]
8/z_index = 0
9/name = "road_9.png 9"
9/texture = ExtResource( 4 )
9/tex_offset = Vector2( 0, 0 )
9/modulate = Color( 1, 1, 1, 1 )
9/region = Rect2( 0, 0, 64, 64 )
9/tile_mode = 0
9/occluder_offset = Vector2( 0, 0 )
9/navigation_offset = Vector2( 0, 0 )
9/shape_offset = Vector2( 0, 0 )
9/shape_transform = Transform2D( 1, 0, 0, 1, 0, 0 )
9/shape_one_way = false
9/shape_one_way_margin = 0.0
9/shapes = [  ]
9/z_index = 0
10/name = "road_10.png 10"
10/texture = ExtResource( 7 )
10/tex_offset = Vector2( 0, 0 )
10/modulate = Color( 1, 1, 1, 1 )
10/region = Rect2( 0, 0, 64, 64 )
10/tile_mode = 0
10/occluder_offset = Vector2( 0, 0 )
10/navigation_offset = Vector2( 0, 0 )
10/shape_offset = Vector2( 0, 0 )
10/shape_transform = Transform2D( 1, 0, 0, 1, 0, 0 )
10/shape_one_way = false
10/shape_one_way_margin = 0.0
10/shapes = [  ]
10/z_index = 0
11/name = "road_11.png 11"
11/texture = ExtResource( 8 )
11/tex_offset = Vector2( 0, 0 )
11/modulate = Color( 1, 1, 1, 1 )
11/region = Rect2( 0, 0, 64, 64 )
11/tile_mode = 0
11/occluder_offset = Vector2( 0, 0 )
11/navigation_offset = Vector2( 0, 0 )
11/shape_offset = Vector2( 0, 0 )
11/shape_transform = Transform2D( 1, 0, 0, 1, 0, 0 )
11/shape_one_way = false
11/shape_one_way_margin = 0.0
11/shapes = [  ]
11/z_index = 0
12/name = "road_12.png 12"
12/texture = ExtResource( 5 )
12/tex_offset = Vector2( 0, 0 )
12/modulate = Color( 1, 1, 1, 1 )
12/region = Rect2( 0, 0, 64, 64 )
12/tile_mode = 0
12/occluder_offset = Vector2( 0, 0 )
12/navigation_offset = Vector2( 0, 0 )
12/shape_offset = Vector2( 0, 0 )
12/shape_transform = Transform2D( 1, 0, 0, 1, 0, 0 )
12/shape_one_way = false
12/shape_one_way_margin = 0.0
12/shapes = [  ]
12/z_index = 0

[sub_resource type="CircleShape2D" id=6]
radius = 64.5916

[sub_resource type="Shader" id=7]
code = "shader_type canvas_item;

uniform vec4 baseColor: hint_color = vec4(0.3058, 0.835, 0.960, 1.);
uniform float speed = 0.5;
uniform vec4 linesColor: hint_color = vec4(0.633232, 0.910156, 0.555693, 1.);
uniform float linesColorIntensity = 5.;
uniform sampler2D hologramTexture;
uniform vec2 hologramTextureTiling = vec2(1., 5.);

vec2 tilingAndOffset(vec2 uv, vec2 tiling, vec2 offset) {
    return mod(uv * tiling + offset, 1);
}

void fragment() {
    vec2 offset = vec2(TIME * speed / 100.0);
    vec2 tiling = tilingAndOffset(UV, hologramTextureTiling, offset);
    
    vec4 noise = texture(hologramTexture, tiling);
    
    float fresnel = 0.71;
    vec4 colorLines = linesColor * vec4(vec3(linesColorIntensity), 1.0);
    vec4 emission = colorLines * fresnel * noise;
    
    vec4 albedo = baseColor;
    float alpha = dot(noise.rgb, vec3(1.0));
    vec4 hologram;
    hologram.rgb = emission.rgb + (1.0 - emission.rgb) * albedo.rgb * albedo.a;
    hologram.a = emission.a + (1.0 - emission.a) * alpha;
    hologram.a = hologram.a + (1.0 - hologram.a) * albedo.a;
    COLOR = texture(TEXTURE, UV);
    COLOR.rgb = COLOR.rgb + (1.0 - COLOR.rgb) * hologram.rgb;
    COLOR.a = min(COLOR.a, hologram.a);
}"

[sub_resource type="ShaderMaterial" id=8]
shader = SubResource( 7 )
shader_param/baseColor = Color( 1, 1, 1, 0 )
shader_param/speed = 2.0
shader_param/linesColor = Color( 0.631373, 0.909804, 0.560784, 1 )
shader_param/linesColorIntensity = 1.0
shader_param/hologramTextureTiling = Vector2( 1, 5 )
shader_param/hologramTexture = ExtResource( 46 )

[sub_resource type="ParticlesMaterial" id=9]
emission_shape = 2
emission_box_extents = Vector3( 1, 2000, 1 )
flag_disable_z = true
spread = 2.0
gravity = Vector3( 0, 0, 0 )
initial_velocity = 200.0
initial_velocity_random = 0.1
angular_velocity = 20.0
angular_velocity_random = 0.1
orbit_velocity = 0.0
orbit_velocity_random = 0.0
scale = 2.0
color = Color( 1, 0.737255, 0, 1 )

[sub_resource type="Animation" id=10]
length = 10.0
tracks/0/type = "value"
tracks/0/path = NodePath("WindParticles:amount")
tracks/0/interp = 1
tracks/0/loop_wrap = true
tracks/0/imported = false
tracks/0/enabled = false
tracks/0/keys = {
"times": PoolRealArray( 0, 10 ),
"transitions": PoolRealArray( 1, 1 ),
"update": 0,
"values": [ 200, 3000 ]
}
tracks/1/type = "value"
tracks/1/path = NodePath("WindParticles:modulate")
tracks/1/interp = 1
tracks/1/loop_wrap = true
tracks/1/imported = false
tracks/1/enabled = true
tracks/1/keys = {
"times": PoolRealArray( 0, 10 ),
"transitions": PoolRealArray( 1, 1 ),
"update": 0,
"values": [ Color( 1, 1, 1, 0 ), Color( 1, 1, 1, 1 ) ]
}
tracks/2/type = "value"
tracks/2/path = NodePath("WindParticles:process_material:initial_velocity")
tracks/2/interp = 1
tracks/2/loop_wrap = true
tracks/2/imported = false
tracks/2/enabled = false
tracks/2/keys = {
"times": PoolRealArray( 0, 10 ),
"transitions": PoolRealArray( 1, 1 ),
"update": 0,
"values": [ 20.0, 200.0 ]
}

[sub_resource type="Animation" id=11]
length = 10.0
tracks/0/type = "value"
tracks/0/path = NodePath("WindParticles:modulate")
tracks/0/interp = 1
tracks/0/loop_wrap = true
tracks/0/imported = false
tracks/0/enabled = true
tracks/0/keys = {
"times": PoolRealArray( 0, 10 ),
"transitions": PoolRealArray( 1, 1 ),
"update": 0,
"values": [ Color( 1, 1, 1, 1 ), Color( 1, 1, 1, 0 ) ]
}

[node name="BattleField" instance=ExtResource( 1 )]
script = ExtResource( 2 )
max_zoom = 1.2

[node name="Path2D_1" type="Path2D" parent="." index="1"]
curve = SubResource( 1 )

[node name="Path2D_2" type="Path2D" parent="." index="2"]
curve = SubResource( 2 )

[node name="CircularPath" type="Path2D" parent="." index="3"]
curve = SubResource( 3 )

[node name="SelectedBuilding" parent="Ground" index="0"]
visible = false
modulate = Color( 1, 1, 1, 1 )

[node name="Sprite" type="Sprite" parent="Ground" index="1"]
z_index = -1
texture = ExtResource( 40 )

[node name="TileMap" type="TileMap" parent="Ground" index="2"]
visible = false
z_index = -1
tile_set = SubResource( 4 )
cell_size = Vector2( 256, 256 )
format = 1
tile_data = PoolIntArray( -327689, 0, 0, -327688, 0, 0, -327687, 0, 0, -327686, 0, 0, -327685, 0, 0, -327684, 0, 0, -327683, 0, 0, -327682, 0, 0, -327681, 0, 0, -393216, 0, 0, -393215, 0, 0, -393214, 0, 0, -393213, 0, 0, -393212, 0, 0, -393211, 0, 0, -393210, 0, 0, -393209, 0, 0, -393208, 0, 0, -262153, 0, 0, -262152, 0, 0, -262151, 0, 0, -262150, 0, 0, -262149, 0, 0, -262148, 0, 0, -262147, 0, 0, -262146, 0, 0, -262145, 0, 0, -327680, 0, 0, -327679, 0, 0, -327678, 0, 0, -327677, 0, 0, -327676, 0, 0, -327675, 0, 0, -327674, 0, 0, -327673, 0, 0, -327672, 0, 0, -196617, 0, 0, -196616, 0, 0, -196615, 0, 0, -196614, 0, 0, -196613, 0, 0, -196612, 0, 0, -196611, 0, 0, -196610, 0, 0, -196609, 0, 0, -262144, 0, 0, -262143, 0, 0, -262142, 0, 0, -262141, 0, 0, -262140, 0, 0, -262139, 0, 0, -262138, 0, 0, -262137, 0, 0, -262136, 0, 0, -131081, 0, 0, -131080, 0, 0, -131079, 0, 0, -131078, 0, 0, -131077, 0, 0, -131076, 0, 0, -131075, 0, 0, -131074, 0, 0, -131073, 0, 0, -196608, 0, 0, -196607, 0, 0, -196606, 0, 0, -196605, 0, 0, -196604, 0, 0, -196603, 0, 0, -196602, 0, 0, -196601, 0, 0, -196600, 0, 0, -65545, 0, 0, -65544, 0, 0, -65543, 0, 0, -65542, 0, 0, -65541, 0, 0, -65540, 0, 0, -65539, 0, 0, -65538, 0, 0, -65537, 0, 0, -131072, 0, 0, -131071, 0, 0, -131070, 0, 0, -131069, 0, 0, -131068, 0, 0, -131067, 0, 0, -131066, 0, 0, -131065, 0, 0, -131064, 0, 0, -9, 0, 0, -8, 0, 0, -7, 0, 0, -6, 0, 0, -5, 0, 0, -4, 0, 0, -3, 0, 0, -2, 0, 0, -1, 0, 0, -65536, 0, 0, -65535, 0, 0, -65534, 0, 0, -65533, 0, 0, -65532, 0, 0, -65531, 0, 0, -65530, 0, 0, -65529, 0, 0, -65528, 0, 0, 65527, 0, 0, 65528, 0, 0, 65529, 0, 0, 65530, 0, 0, 65531, 0, 0, 65532, 0, 0, 65533, 0, 0, 65534, 0, 0, 65535, 0, 0, 0, 0, 0, 1, 0, 0, 2, 0, 0, 3, 0, 0, 4, 0, 0, 5, 0, 0, 6, 0, 0, 7, 0, 0, 8, 0, 0, 131063, 0, 0, 131064, 0, 0, 131065, 0, 0, 131066, 0, 0, 131067, 0, 0, 131068, 0, 0, 131069, 0, 0, 131070, 0, 0, 131071, 0, 0, 65536, 0, 0, 65537, 0, 0, 65538, 0, 0, 65539, 0, 0, 65540, 0, 0, 65541, 0, 0, 65542, 0, 0, 65543, 0, 0, 65544, 0, 0, 196599, 0, 0, 196600, 0, 0, 196601, 0, 0, 196602, 0, 0, 196603, 0, 0, 196604, 0, 0, 196605, 0, 0, 196606, 0, 0, 196607, 0, 0, 131072, 0, 0, 131073, 0, 0, 131074, 0, 0, 131075, 0, 0, 131076, 0, 0, 131077, 0, 0, 131078, 0, 0, 131079, 0, 0, 131080, 0, 0, 262135, 0, 0, 262136, 0, 0, 262137, 0, 0, 262138, 0, 0, 262139, 0, 0, 262140, 0, 0, 262141, 0, 0, 262142, 0, 0, 262143, 0, 0, 196608, 0, 0, 196609, 0, 0, 196610, 0, 0, 196611, 0, 0, 196612, 0, 0, 196613, 0, 0, 196614, 0, 0, 196615, 0, 0, 196616, 0, 0, 327671, 0, 0, 327672, 0, 0, 327673, 0, 0, 327674, 0, 0, 327675, 0, 0, 327676, 0, 0, 327677, 0, 0, 327678, 0, 0, 327679, 0, 0, 262144, 0, 0, 262145, 0, 0, 262146, 0, 0, 262147, 0, 0, 262148, 0, 0, 262149, 0, 0, 262150, 0, 0, 262151, 0, 0, 262152, 0, 0, 393207, 0, 0, 393208, 0, 0, 393209, 0, 0, 393210, 0, 0, 393211, 0, 0, 393212, 0, 0, 393213, 0, 0, 393214, 0, 0, 393215, 0, 0, 327680, 0, 0, 327681, 0, 0, 327682, 0, 0, 327683, 0, 0, 327684, 0, 0, 327685, 0, 0, 327686, 0, 0, 327687, 0, 0, 327688, 0, 0 )

[node name="Raods" type="TileMap" parent="Ground" index="3"]
z_index = -1
tile_set = SubResource( 5 )
format = 1
tile_data = PoolIntArray( -1572843, 4, 0, -1572842, 6, 0, -1507307, 4, 0, -1507306, 6, 0, -1441771, 4, 0, -1441770, 6, 0, -1310729, 4, 0, -1310728, 6, 0, -1376255, 4, 0, -1376254, 6, 0, -1376235, 4, 0, -1376234, 6, 0, -1245193, 4, 0, -1245192, 6, 0, -1310719, 4, 0, -1310718, 6, 0, -1310699, 4, 0, -1310698, 6, 0, -1179657, 4, 0, -1179656, 6, 0, -1245183, 4, 0, -1245182, 6, 0, -1245163, 4, 0, -1245162, 6, 0, -1114121, 4, 0, -1114120, 6, 0, -1179647, 4, 0, -1179646, 6, 0, -1179627, 4, 0, -1179626, 6, 0, -1048585, 4, 0, -1048584, 6, 0, -1114111, 4, 0, -1114110, 6, 0, -1114091, 4, 0, -1114090, 6, 0, -983049, 4, 0, -983048, 12, 0, -983047, 2, 0, -983046, 2, 0, -983045, 2, 0, -983044, 2, 0, -983043, 2, 0, -983042, 3, 0, -1048575, 4, 0, -1048574, 6, 0, -1048555, 4, 0, -1048554, 6, 0, -917513, 7, 0, -917512, 8, 0, -917511, 8, 0, -917510, 8, 0, -917509, 8, 0, -917508, 8, 0, -917507, 11, 0, -917506, 6, 0, -983039, 4, 0, -983038, 6, 0, -983019, 4, 0, -983018, 6, 0, -851971, 4, 0, -851970, 6, 0, -917503, 4, 0, -917502, 6, 0, -917483, 4, 0, -917482, 12, 0, -917481, 2, 0, -917480, 2, 0, -917479, 2, 0, -917478, 2, 0, -917477, 2, 0, -917476, 2, 0, -917475, 2, 0, -917474, 2, 0, -917473, 2, 0, -917472, 2, 0, -917471, 2, 0, -786435, 4, 0, -786434, 6, 0, -851967, 4, 0, -851966, 6, 0, -851947, 7, 0, -851946, 8, 0, -851945, 8, 0, -851944, 8, 0, -851943, 8, 0, -851942, 8, 0, -851941, 8, 0, -851940, 8, 0, -851939, 8, 0, -851938, 8, 0, -851937, 8, 0, -851936, 8, 0, -851935, 8, 0, -720899, 4, 0, -720898, 6, 0, -786431, 4, 0, -786430, 6, 0, -655363, 4, 0, -655362, 12, 0, -655361, 2, 0, -720896, 2, 0, -720895, 0, 0, -720894, 6, 0, -589827, 7, 0, -589826, 8, 0, -589825, 8, 0, -655360, 8, 0, -655359, 8, 0, -655358, 9, 0, -131075, 1, 0, -131074, 2, 0, -131073, 2, 0, -196608, 2, 0, -196607, 2, 0, -196606, 3, 0, -65546, 1, 0, -65545, 2, 0, -65544, 2, 0, -65543, 2, 0, -65542, 2, 0, -65541, 2, 0, -65540, 2, 0, -65539, 0, 0, -65538, 5, 0, -65537, 5, 0, -131072, 5, 0, -131071, 5, 0, -131070, 6, 0, -131066, 1, 0, -131065, 2, 0, -131064, 2, 0, -131063, 2, 0, -131062, 2, 0, -131061, 2, 0, -131060, 2, 0, -131059, 2, 0, -131058, 2, 0, -131057, 3, 0, -10, 4, 0, -9, 10, 0, -8, 8, 0, -7, 8, 0, -6, 8, 0, -5, 8, 0, -4, 8, 0, -3, 11, 0, -2, 5, 0, -1, 5, 0, -65536, 5, 0, -65535, 5, 0, -65534, 6, 0, -65530, 4, 0, -65529, 10, 0, -65528, 8, 0, -65527, 8, 0, -65526, 8, 0, -65525, 8, 0, -65524, 8, 0, -65523, 8, 0, -65522, 11, 0, -65521, 6, 0, 65526, 4, 0, 65527, 6, 0, 65533, 4, 0, 65534, 5, 0, 65535, 5, 0, 0, 5, 0, 1, 5, 0, 2, 12, 0, 3, 2, 0, 4, 2, 0, 5, 2, 0, 6, 0, 0, 7, 6, 0, 14, 4, 0, 15, 6, 0, 131062, 4, 0, 131063, 6, 0, 131069, 4, 0, 131070, 5, 0, 131071, 5, 0, 65536, 5, 0, 65537, 5, 0, 65538, 10, 0, 65539, 8, 0, 65540, 8, 0, 65541, 8, 0, 65542, 8, 0, 65543, 9, 0, 65550, 4, 0, 65551, 6, 0, 196598, 4, 0, 196599, 6, 0, 196605, 7, 0, 196606, 8, 0, 196607, 8, 0, 131072, 8, 0, 131073, 8, 0, 131074, 9, 0, 131086, 4, 0, 131087, 6, 0, 262134, 4, 0, 262135, 6, 0, 196622, 4, 0, 196623, 12, 0, 196624, 2, 0, 196625, 2, 0, 196626, 2, 0, 196627, 2, 0, 196628, 2, 0, 196629, 2, 0, 196630, 2, 0, 196631, 2, 0, 196632, 2, 0, 196633, 2, 0, 196634, 2, 0, 196635, 2, 0, 327670, 4, 0, 327671, 6, 0, 262158, 7, 0, 262159, 8, 0, 262160, 8, 0, 262161, 8, 0, 262162, 8, 0, 262163, 8, 0, 262164, 8, 0, 262165, 8, 0, 262166, 8, 0, 262167, 8, 0, 262168, 8, 0, 262169, 8, 0, 262170, 8, 0, 262171, 8, 0, 393184, 2, 0, 393185, 2, 0, 393186, 2, 0, 393187, 2, 0, 393188, 2, 0, 393189, 2, 0, 393190, 2, 0, 393191, 2, 0, 393192, 2, 0, 393193, 2, 0, 393194, 2, 0, 393195, 2, 0, 393196, 2, 0, 393197, 2, 0, 393198, 2, 0, 393199, 2, 0, 393200, 2, 0, 393201, 2, 0, 393202, 2, 0, 393203, 2, 0, 393204, 2, 0, 393205, 2, 0, 393206, 0, 0, 393207, 6, 0, 458720, 8, 0, 458721, 8, 0, 458722, 8, 0, 458723, 8, 0, 458724, 8, 0, 458725, 8, 0, 458726, 8, 0, 458727, 8, 0, 458728, 8, 0, 458729, 8, 0, 458730, 8, 0, 458731, 8, 0, 458732, 8, 0, 458733, 8, 0, 458734, 8, 0, 458735, 8, 0, 458736, 8, 0, 458737, 8, 0, 458738, 8, 0, 458739, 8, 0, 458740, 8, 0, 458741, 8, 0, 458742, 8, 0, 458743, 9, 0 )

[node name="CollectibleResource" parent="Ground" index="4" instance=ExtResource( 17 )]
position = Vector2( 0, -461.947 )

[node name="CollectibleResource2" parent="Ground" index="5" instance=ExtResource( 17 )]
position = Vector2( 1123.03, 124 )

[node name="decor_11" type="Sprite" parent="Ground" index="6"]
position = Vector2( -320.566, -327.923 )
scale = Vector2( 0.1, 0.1 )
texture = ExtResource( 31 )

[node name="decor_7" type="Sprite" parent="Ground" index="7"]
position = Vector2( -148.15, -8.54557 )
scale = Vector2( 0.1, 0.1 )
texture = ExtResource( 30 )

[node name="decor_8" type="Sprite" parent="Ground" index="8"]
position = Vector2( 144.781, 124 )
scale = Vector2( 0.1, 0.1 )
texture = ExtResource( 30 )

[node name="greenery_1" type="Sprite" parent="Ground" index="9"]
position = Vector2( 40, -746.841 )
scale = Vector2( 0.1, 0.1 )
texture = ExtResource( 28 )

[node name="greenery_7" type="Sprite" parent="Ground" index="10"]
position = Vector2( -408.506, -197.355 )
scale = Vector2( 0.1, 0.1 )
texture = ExtResource( 28 )

[node name="greenery_8" type="Sprite" parent="Ground" index="11"]
position = Vector2( 703.296, -223.555 )
scale = Vector2( 0.1, 0.1 )
texture = ExtResource( 28 )

[node name="greenery_2" type="Sprite" parent="Ground" index="12"]
position = Vector2( -267.915, 124 )
scale = Vector2( 0.1, 0.1 )
texture = ExtResource( 34 )

[node name="greenery_9" type="Sprite" parent="Ground" index="13"]
position = Vector2( 665.223, 138.58 )
scale = Vector2( 0.1, 0.1 )
texture = ExtResource( 34 )

[node name="greenery_10" type="Sprite" parent="Ground" index="14"]
position = Vector2( -370.202, -841.393 )
scale = Vector2( 0.1, 0.1 )
texture = ExtResource( 34 )

[node name="greenery_3" type="Sprite" parent="Ground" index="15"]
position = Vector2( 384.24, 307.038 )
scale = Vector2( 0.1, 0.1 )
texture = ExtResource( 18 )

[node name="greenery_11" type="Sprite" parent="Ground" index="16"]
position = Vector2( 321.07, -130.386 )
scale = Vector2( 0.1, 0.1 )
texture = ExtResource( 18 )

[node name="greenery_12" type="Sprite" parent="Ground" index="17"]
position = Vector2( -64, -272.251 )
scale = Vector2( 0.1, 0.1 )
texture = ExtResource( 18 )

[node name="greenery_4" type="Sprite" parent="Ground" index="18"]
position = Vector2( 673.623, 297 )
scale = Vector2( 0.1, 0.1 )
texture = ExtResource( 36 )

[node name="greenery_13" type="Sprite" parent="Ground" index="19"]
position = Vector2( 114.667, 380.633 )
scale = Vector2( 0.1, 0.1 )
texture = ExtResource( 36 )

[node name="greenery_14" type="Sprite" parent="Ground" index="20"]
position = Vector2( 1090, -342.123 )
scale = Vector2( 0.1, 0.1 )
texture = ExtResource( 36 )

[node name="greenery_5" type="Sprite" parent="Ground" index="21"]
position = Vector2( 605, 488.669 )
scale = Vector2( 0.1, 0.1 )
texture = ExtResource( 27 )

[node name="greenery_15" type="Sprite" parent="Ground" index="22"]
position = Vector2( -326.366, 331 )
scale = Vector2( 0.1, 0.1 )
texture = ExtResource( 27 )

[node name="greenery_16" type="Sprite" parent="Ground" index="23"]
position = Vector2( -529.503, -488.287 )
scale = Vector2( 0.1, 0.1 )
texture = ExtResource( 27 )

[node name="greenery_6" type="Sprite" parent="Ground" index="24"]
position = Vector2( 539.805, -280.301 )
scale = Vector2( 0.1, 0.1 )
texture = ExtResource( 22 )

[node name="greenery_17" type="Sprite" parent="Ground" index="25"]
position = Vector2( 314.52, 588 )
scale = Vector2( 0.1, 0.1 )
texture = ExtResource( 22 )

[node name="greenery_18" type="Sprite" parent="Ground" index="26"]
position = Vector2( -209.395, 554 )
scale = Vector2( 0.1, 0.1 )
texture = ExtResource( 22 )

[node name="stones_1" type="Sprite" parent="Ground" index="27"]
position = Vector2( 304.87, -312.049 )
scale = Vector2( 0.2, 0.2 )
texture = ExtResource( 32 )

[node name="stones_8" type="Sprite" parent="Ground" index="28"]
position = Vector2( -587.035, -348.773 )
scale = Vector2( 0.2, 0.2 )
texture = ExtResource( 32 )

[node name="stones_9" type="Sprite" parent="Ground" index="29"]
position = Vector2( 31.85, 651.209 )
scale = Vector2( 0.2, 0.2 )
texture = ExtResource( 32 )

[node name="stones_2" type="Sprite" parent="Ground" index="30"]
position = Vector2( 447.736, -496.187 )
scale = Vector2( 0.2, 0.2 )
texture = ExtResource( 29 )

[node name="stones_10" type="Sprite" parent="Ground" index="31"]
position = Vector2( -822.337, 58 )
scale = Vector2( 0.2, 0.2 )
texture = ExtResource( 29 )

[node name="stones_11" type="Sprite" parent="Ground" index="32"]
position = Vector2( 780, 636.209 )
scale = Vector2( 0.2, 0.2 )
texture = ExtResource( 29 )

[node name="stones_3" type="Sprite" parent="Ground" index="33"]
position = Vector2( 784.265, -391.419 )
scale = Vector2( 0.2, 0.2 )
texture = ExtResource( 19 )

[node name="stones_12" type="Sprite" parent="Ground" index="34"]
position = Vector2( -165.8, 322 )
scale = Vector2( 0.2, 0.2 )
texture = ExtResource( 19 )

[node name="stones_13" type="Sprite" parent="Ground" index="35"]
position = Vector2( 1295, 484.919 )
scale = Vector2( 0.2, 0.2 )
texture = ExtResource( 19 )

[node name="stones_4" type="Sprite" parent="Ground" index="36"]
position = Vector2( 850.936, -210.455 )
scale = Vector2( 0.2, 0.2 )
texture = ExtResource( 25 )

[node name="stones_14" type="Sprite" parent="Ground" index="37"]
position = Vector2( -1008.24, -404.819 )
scale = Vector2( 0.2, 0.2 )
texture = ExtResource( 25 )

[node name="stones_15" type="Sprite" parent="Ground" index="38"]
position = Vector2( -525.003, 770.189 )
scale = Vector2( 0.2, 0.2 )
texture = ExtResource( 25 )

[node name="stones_5" type="Sprite" parent="Ground" index="39"]
position = Vector2( 1136.67, -118.386 )
scale = Vector2( 0.2, 0.2 )
texture = ExtResource( 20 )

[node name="stones_16" type="Sprite" parent="Ground" index="40"]
position = Vector2( -773.198, -733.04 )
scale = Vector2( 0.2, 0.2 )
texture = ExtResource( 20 )

[node name="stones_17" type="Sprite" parent="Ground" index="41"]
position = Vector2( 1151.27, 815 )
scale = Vector2( 0.2, 0.2 )
texture = ExtResource( 20 )

[node name="stones_6" type="Sprite" parent="Ground" index="42"]
position = Vector2( 987.453, -594.606 )
scale = Vector2( 0.2, 0.2 )
texture = ExtResource( 24 )

[node name="stones_18" type="Sprite" parent="Ground" index="43"]
position = Vector2( 422.272, 931.495 )
scale = Vector2( 0.2, 0.2 )
texture = ExtResource( 24 )

[node name="stones_19" type="Sprite" parent="Ground" index="44"]
position = Vector2( -920.035, 636.209 )
scale = Vector2( 0.2, 0.2 )
texture = ExtResource( 24 )

[node name="stones_7" type="Sprite" parent="Ground" index="45"]
position = Vector2( 692.196, -683.501 )
scale = Vector2( 0.2, 0.2 )
texture = ExtResource( 23 )

[node name="stones_20" type="Sprite" parent="Ground" index="46"]
position = Vector2( -416.656, 144.8 )
scale = Vector2( 0.2, 0.2 )
texture = ExtResource( 23 )

[node name="stones_21" type="Sprite" parent="Ground" index="47"]
position = Vector2( -378.602, -676.501 )
scale = Vector2( 0.2, 0.2 )
texture = ExtResource( 23 )

[node name="tree_1" type="Sprite" parent="Ground" index="48"]
position = Vector2( 920.782, 389.582 )
scale = Vector2( 0.2, 0.2 )
z_index = 19
texture = ExtResource( 35 )

[node name="Area2D" type="Area2D" parent="Ground/tree_1" index="0" groups=[
"tower_area_building",
]]
collision_mask = 0

[node name="CollisionShape2D" type="CollisionShape2D" parent="Ground/tree_1/Area2D" index="0"]
position = Vector2( -52.8442, 219.13 )
shape = SubResource( 6 )

[node name="tree_5" type="Sprite" parent="Ground" index="49"]
position = Vector2( -361.802, 238.705 )
scale = Vector2( 0.2, 0.2 )
z_index = 19
texture = ExtResource( 35 )

[node name="tree_6" type="Sprite" parent="Ground" index="50"]
position = Vector2( -603.235, -690.501 )
scale = Vector2( 0.2, 0.2 )
z_index = 19
texture = ExtResource( 35 )

[node name="tree_2" type="Sprite" parent="Ground" index="51"]
position = Vector2( 1108.09, 386.408 )
scale = Vector2( 0.2, 0.2 )
z_index = 19
texture = ExtResource( 21 )

[node name="tree_7" type="Sprite" parent="Ground" index="52"]
position = Vector2( 505, -669.501 )
scale = Vector2( 0.2, 0.2 )
z_index = 19
texture = ExtResource( 21 )

[node name="tree_8" type="Sprite" parent="Ground" index="53"]
material = ExtResource( 38 )
position = Vector2( -1214.63, 545.95 )
scale = Vector2( 0.2, 0.2 )
z_index = 19
texture = ExtResource( 21 )

[node name="tree_3" type="Sprite" parent="Ground" index="54"]
material = ExtResource( 38 )
position = Vector2( 1409.7, 322.912 )
scale = Vector2( 0.2, 0.2 )
z_index = 19
texture = ExtResource( 26 )

[node name="tree_9" type="Sprite" parent="Ground" index="55"]
material = ExtResource( 38 )
position = Vector2( -130.5, 854 )
scale = Vector2( 0.2, 0.2 )
z_index = 19
texture = ExtResource( 26 )

[node name="tree_10" type="Sprite" parent="Ground" index="56"]
material = ExtResource( 38 )
position = Vector2( -895.335, -192.853 )
scale = Vector2( 0.2, 0.2 )
z_index = 19
texture = ExtResource( 26 )

[node name="tree_4" type="Sprite" parent="Ground" index="57"]
material = ExtResource( 38 )
position = Vector2( 1431.92, -248.553 )
scale = Vector2( 0.2, 0.2 )
z_index = 19
texture = ExtResource( 33 )

[node name="tree_11" type="Sprite" parent="Ground" index="58"]
material = ExtResource( 38 )
position = Vector2( 273.9, 438.382 )
scale = Vector2( 0.2, 0.2 )
z_index = 19
texture = ExtResource( 33 )

[node name="tree_12" type="Sprite" parent="Ground" index="59"]
material = ExtResource( 38 )
position = Vector2( -944.735, 840 )
scale = Vector2( 0.2, 0.2 )
z_index = 19
texture = ExtResource( 33 )

[node name="tree_13" type="Sprite" parent="Ground" index="60"]
material = ExtResource( 38 )
position = Vector2( -1031.64, -733.04 )
scale = Vector2( 0.2, 0.2 )
z_index = 19
texture = ExtResource( 33 )

[node name="Camera2D" parent="." index="9"]
limit_left = -1500
limit_right = 1500
smoothing_enabled = false

[node name="RoadCollision" type="Area2D" parent="." index="10" groups=[
"tower_area_building",
]]
visible = false
collision_mask = 0

[node name="CollisionPolygon2D" type="CollisionPolygon2D" parent="RoadCollision" index="0"]
polygon = PoolVector2Array( 1780.96, 300.972, 902.734, 291.072, 906.977, -12.9838, 891.42, -31.3686, 499.683, -25.7117, 491.198, 95.9106, 185.727, 100.153, 164.514, 162.379, -184.796, 160.964, -179.14, -14.398, -198.938, -32.7829, -521.379, -27.126, -532.693, 416.937, -2060.04, 419.766, -2057.21, 346.227, -634.516, 346.227, -624.616, -103.494, -183.381, -106.322, -180.552, -164.305, 170.173, -164.304, 180.072, 23.7865, 395.033, 25.2007, 394.845, -98.4894, 401.526, -103.389, 1004.56, -100.664, 1013.04, 213.291, 1812.07, 218.948, 1816.32, 303.801 )

[node name="15 copy" type="Sprite" parent="SpecificGUI" index="0"]
material = SubResource( 8 )
position = Vector2( 1792, 976 )
scale = Vector2( 1.625, 1.625 )
texture = ExtResource( 37 )

[node name="PhaseTimer" parent="." index="12"]
autostart = true

[node name="GoldTimer" parent="." index="13"]
autostart = true

[node name="WinGUI" parent="." index="22" instance=ExtResource( 39 )]

[node name="IncDamage" parent="." index="23" instance=ExtResource( 41 )]
position = Vector2( -178.2, 240 )

[node name="IncDefence" parent="." index="24" instance=ExtResource( 42 )]
position = Vector2( -264, 2 )

[node name="RegenLife" parent="." index="25" instance=ExtResource( 45 )]
position = Vector2( 88, 304 )

[node name="Meteor" parent="." index="26" instance=ExtResource( 43 )]
position = Vector2( 352, 200 )

[node name="LargeMeteor" parent="." index="27" instance=ExtResource( 44 )]
position = Vector2( 304, -64 )

[node name="WindParticles" type="Particles2D" parent="." index="30"]
modulate = Color( 1, 1, 1, 0 )
position = Vector2( -1392, 0 )
z_index = 30
amount = 3000
lifetime = 60.0
preprocess = 60.0
visibility_rect = Rect2( -100, -1000, 3000, 2000 )
process_material = SubResource( 9 )

[node name="WindTimer" type="Timer" parent="." index="31"]
wait_time = 30.0
one_shot = true
autostart = true

[node name="WindAnimationPlayer" type="AnimationPlayer" parent="." index="32"]
anims/start = SubResource( 10 )
anims/stop = SubResource( 11 )

[node name="SuperGoldRessource" parent="." index="33" instance=ExtResource( 47 )]
position = Vector2( -680, 296 )

[connection signal="timeout" from="WindTimer" to="." method="_on_WindTimer_timeout"]
